 Dungeon Crawl Stone Soup version 0.24.0-1-gfbc8707122 (webtiles) character file.

Game seed: 4858539646207793846, levelgen mode: deterministic

389 Mrkan the Chopper (level 6, -5/56 HPs)
             Began as a Minotaur Fighter on Oct 28, 2019.
             Was a Believer of Trog.
             Slain by an ogre
             ... wielding a +0 giant spiked club
              (21 damage)
             ... on level 4 of the Dungeon.
             The game lasted 00:06:07 (3376 turns).

Mrkan the Chopper (Minotaur Fighter)                Turns: 3376, Time: 00:06:07

Health: -5/56      AC: 12    Str: 20    XL:     6   Next: 50%
Magic:  5/5        EV:  4    Int:  5    God:    Trog [**....]
Gold:   162        SH: 10    Dex: 12    Spells: 5/5 levels left

rFire    . . .     SeeInvis .   a - +0 war axe
rCold    . . .     Gourm    .   c - +0 shield
rNeg     . . .     Faith    .   m - +0 plate armour
rPois    .         Spirit   .   (helmet restricted)
rElec    .         Reflect  .   t - scarf {cloud immunity}
rCorr    .         Harm     .   (no gloves)
MR       .....                  (no boots)
Stlth    ..........             (no amulet)
HPRegen  0.18/turn              (no ring)
MPRegen  0.09/turn              (no ring)

@: no status effects
A: retaliatory headbutt, horns 2
a: Berserk, Trog's Hand, Renounce Religion


You were on level 4 of the Dungeon.
You worshipped Trog.
Trog was pleased with you.
You were hungry.

You visited 1 branch of the dungeon, and saw 4 of its levels.
You also visited: Sewer.

You collected 162 gold pieces.

Inventory:

Hand Weapons
 a - a +0 war axe (weapon)
Armour
 c - a +0 shield (worn)
 m - a +0 plate armour (worn)
 t - a scarf of cloud immunity (worn)
Jewellery
 q - a +3 ring of evasion {unknown}
Scrolls
 e - a scroll of fog {unknown}
 g - 3 scrolls of remove curse {unknown}
 h - 2 scrolls of immolation {unknown}
 i - a scroll of random uselessness {unknown}
 j - 4 scrolls of enchant weapon {unknown}
 k - 3 scrolls of enchant armour {unknown}
 l - 6 scrolls of teleportation {unknown}
 n - a scroll of amnesia {unknown}
 p - 7 scrolls of identify {unknown}
 r - a scroll of holy word {unknown}
 s - a scroll of blinking {unknown}
Potions
 b - a potion of flight {unknown}
 d - 2 potions of might
 o - a potion of curing
 v - a potion of haste
 w - a potion of lignification {unknown}
Comestibles
 f - 6 rations


   Skills:
 + Level 5.1 Fighting
 * Level 5.7 Axes
 + Level 5.0 Armour
 + Level 5.0 Shields


You had 5 spell levels left.
You didn't know any spells.
Your spell library was empty.

Dungeon Overview and Level Annotations

Branches:
Dungeon (4/15)              Sewer (visited)
 Temple: D:4-7

Altars:
Trog


Innate Abilities, Weirdness & Mutations

You reflexively headbutt those who attack you in melee.
You have a pair of horns on your head.


Message History

There is a stone staircase leading down here.
An ogre comes into view. It is wielding a +0 giant spiked club.
You are feeling hungry.
The ogre shouts!
An ogre is nearby!
There is a stone staircase leading down here.
Your shield and plate armour prevent you from hitting the ogre.
The ogre hits you with a +0 giant spiked club!!
You hit the ogre.
The ogre is lightly wounded.
The ogre hits you with a +0 giant spiked club!
* * * LOW HITPOINT WARNING * * *
You hit the ogre but do no damage.
The ogre is lightly wounded.
The ogre hits you but does no damage.
All of the chunks of flesh in your inventory have rotted away.
You hit the ogre. You headbutt the ogre!
The ogre is heavily wounded.
The ogre hits you with a +0 giant spiked club!!
You die...

##.......#.
##..#...####
##..######
##.......#####
##...........(.
##.........>....
###..##########...
#.O### #..... #@##
#..... ### ##....
##... ##.. #.. ..


You could see an ogre.

Vanquished Creatures
  A bullfrog (Sewer)
  A hound (D:3)
  2 orc priests (D:3)
  A gnoll (D:3)
  13 adders
  2 oozes
  2 worms
  5 leopard geckos
  9 orcs (D:3)
  5 bats
  8 giant cockroaches
  4 hobgoblins
  10 jackals
  4 kobolds
  A quokka (D:3)
  2 ball pythons (Sewer)
  8 frilled lizards (Sewer)
  14 goblins
  3 rats
95 creatures vanquished.

Notes
Turn   | Place    | Note
-------+----------+-------------------------------------------
     0 | D:1      | Mrkan the Minotaur Fighter began the quest for the Orb.
     0 | D:1      | Reached XP level 1. HP: 19/19 MP: 0/0
   194 | D:1      | Reached XP level 2. HP: 27/27 MP: 1/1
   784 | D:2      | Reached XP level 3. HP: 19/33 MP: 2/2
   981 | D:2      | Found a bloodstained altar of Trog.
  1012 | D:2      | Became a worshipper of Trog the Wrathful
  1076 | D:2      | Reached XP level 4. HP: 40/40 MP: 3/3
  1819 | D:3      | Reached XP level 5. HP: 20/47 MP: 4/4
  1822 | D:3      | Reached * piety under Trog
  2224 | D:3      | Found a glowing drain.
  2231 | Sewer    | Entered a sewer
  2458 | Sewer    | Reached skill level 5 in Axes
  2731 | Sewer    | Reached ** piety under Trog
  2825 | Sewer    | Reached skill level 5 in Fighting
  2825 | Sewer    | Reached XP level 6. HP: 53/56 MP: 5/5
  3175 | D:3      | Reached skill level 5 in Shields
  3180 | D:3      | Reached skill level 5 in Armour
  3376 | D:4      | Slain by an ogre

Levels and vault maps discovered:
D:1:      shiori_arrival_oz, layout_loops_ring
D:2:      layout_basic, lemuel_crystal_altar
D:3:      minmay_razor_zed, layout_rooms, gup_sewer_entry_bubbles
D:4:      layout_cave_pods

Skill      XL: |  1  2  3  4  5  6 |
---------------+-------------------+-----
Axes           | 3 4 5 |  5.7
Fighting       | 4 5 |  5.1
Shields        | 4 5 |  5.0
Armour         | 4 5 |  5.0

Action                   |  1- 3 |  4- 6 || total
-------------------------+-------+-------++-------
Melee: War axe           |    71 |   206 ||   277
       Headbutt          |    11 |    28 ||    39
  Use: Potion            |       |     2 ||     2
  Eat: Chunk             |     1 |     7 ||     8
Armor: Scale mail        |    32 |       ||    32
       Plate armour      |     5 |   171 ||   176
Dodge: Dodged            |    28 |    41 ||    69
Block: Shield            |    42 |   136 ||   178
